 Dungeon Crawl Stone Soup version 0.28.0 (webtiles) character file.

Game seed: 8955978006830866676

4 SnakkuSnakku7 the Digger (level 1, -1/10 HPs)
             Began as a Tengu Earth Elementalist on Feb 9, 2022.
             Slain by a kobold (3 damage)
             ... on level 1 of the Dungeon.
             The game lasted 00:00:29 (333 turns).

SnakkuSnakku7 the Digger (Tengu Earth Elementalist)  Turns: 333, Time: 00:00:30

Health: -1/10      AC:  2    Str:  8    XL:     1   Next: 70%
Magic:  2/4        EV: 12    Int: 15    God:
Gold:   0          SH:  0    Dex: 14    Spells: 3/4 levels left

rFire   . . .      SeeInvis .   a - +0 short sword
rCold   . . .      Faith    .   (no shield)
rNeg    . . .      Spirit   .   b - +0 robe
rPois   .          Reflect  .   (helmet restricted)
rElec   .          Harm     .   (no cloak)
rCorr   .          Rampage  .   (no gloves)
Will    .....                   (boots unavailable)
Stlth   ++........              (no amulet)
HPRegen 0.03/turn               (no ring)
MPRegen 0.09/turn               (no ring)

@: no status effects
A: beak, talons 3
a: no special abilities


You were on level 1 of the Dungeon.
You visited 1 branch of the dungeon, and saw 1 of its levels.

Inventory:

Hand Weapons
 a - a +0 short sword (weapon)
Missiles
 c - 24 stones
Armour
 b - a +0 robe (worn)
Magical Staves
 e - a staff of air
Scrolls
 f - a scroll of blinking {unknown}
Potions
 d - a potion of berserk rage {unknown}


   Skills:
 - Level 2.1 Dodging
 - Level 2.0 Stealth
 - Level 2.0 Spellcasting
 - Level 0.7 Transmutations
 + Level 2.4 Earth Magic


You had 3 spell levels left.
You knew the following spells:

 Your Spells              Type           Power      Damage    Failure   Level
a - Sandblast             Erth           16%        2d6       9%          1

Your spell library contained the following spells:

 Spells                   Type           Power      Damage    Failure   Level
 Passwall                 Tmut/Erth      5%         N/A       17%         2
 Stone Arrow              Conj/Erth      10%        3d7       38%         3
 Petrify                  Tmut/Erth      6%         N/A       75%         4


Dungeon Overview and Level Annotations

Branches:
Dungeon (1/15)

Altars:


Innate Abilities, Weirdness & Mutations

You have a beak for a mouth.
You have claws for feet.


Message History

Aim: a goblin, wielding a +0 dagger (72% to hit)
The blast of sand misses the goblin.
The goblin hits you with a +0 dagger.
Unknown command.
a - a +0 short sword (weapon)
The goblin closely misses you.
Aiming: Sandblast (safe; 9% risk of failure)
Press: ? - help, Q - select action, (/) - cycle Shift-Dir - straight line, f/p - goblin
Aim: a goblin, wielding a +0 dagger (72% to hit)
The blast of sand hits the goblin.
You kill the goblin!
Unknown command.
You start resting.
Magic restored.
Things that are here:
a +0 dagger; a goblin corpse
f - a scroll labelled JOQYZY LIEDGHOG A kobold is nearby!
A kobold is nearby!
A frilled lizard comes into view.
The kobold hits you but does no damage.
You hit the frilled lizard.
You kill the frilled lizard!
The kobold hits you with a +0 club.
You are too injured to fight recklessly!
You are too injured to fight recklessly!
You are too injured to fight recklessly!
Aiming: Sandblast (safe; 9% risk of failure)
Press: ? - help, Q - select action, (/) - cycle Shift-Dir - straight line, f - kobold
Aim: a kobold, wielding a +0 club and quivering stones (72% to hit)
The blast of sand hits the kobold.
The kobold is severely wounded.
The kobold hits you with a +0 club.
* * * LOW HITPOINT WARNING * * *
Aiming: Sandblast (safe; 9% risk of failure)
Press: ? - help, Q - select action, (/) - cycle Shift-Dir - straight line, f/p - kobold
Aim: a kobold, wielding a +0 club and quivering stones (severely wounded, 72% to hit)
The blast of sand misses the kobold.
The kobold hits you with a +0 club.
You die...

#...).## ##...#
##.#######
###....####..### ##..#
####......########..##
##...........#..##
#...###.....#.##
#..............###
#.####.....##.......
...#####.............
............@†........#
.########....K..#######
#........# #.....##.#
.......# .# .........
.. ....####. .. .##. .
..


You could see a kobold.

Vanquished Creatures
  A goblin (D:1)
  A kobold (D:1)
  A ball python (D:1)
  2 frilled lizards (D:1)
5 creatures vanquished.

Notes
Turn   | Place    | Note
-------+----------+-------------------------------------------
     0 | D:1      | SnakkuSnakku7 the Tengu Earth Elementalist began the quest
                  | for the Orb.
     0 | D:1      | Reached XP level 1. HP: 10/10 MP: 4/4
   333 | D:1      | Slain by a kobold

Illustrated notes

Levels and vault maps discovered:
D:1:      saegor_arrival_simple_d, layout_rooms,
          shapermc_ecumenical_altar_pompeii

Action                   || total
-------------------------++-------
Melee: Short sword       ||     1
       Staff             ||     1
       Peck              ||     1
 Cast: Sandblast         ||     7
Armor: Robe              ||     1
Dodge: Dodged            ||     4
